 Dungeon Crawl Stone Soup version 0.26.0-10-g1f06aea511 (webtiles) character file.

Game seed: 11838107812270490939

1 Goblin1989 the Sneak (level 1, -2/18 HPs)
             Began as a Demonspawn Delver on Jan 27, 2021.
             Slain by a worker ant (3 damage)
             ... on level 5 of the Dungeon.
             The game lasted 00:00:33 (141 turns).

Goblin1989 the Sneak (Demonspawn Delver)             Turns: 141, Time: 00:00:34

Health: -2/18      AC:  3    Str: 12    XL:     1   Next: 16%
Magic:  1/1        EV: 12    Int: 11    God:
Gold:   14         SH:  0    Dex: 14    Spells: 0/0 levels left

rFire    . . .     SeeInvis .   a - +0 mace
rCold    . . .     Faith    .   (no shield)
rNeg     . . .     Spirit   .   b - +0 leather armour
rPois    .         Reflect  .   (no helmet)
rElec    .         Harm     .   (no cloak)
rCorr    .         Rampage  .   (no gloves)
Will     .....                  (no boots)
Stlth    ++........             (no amulet)
HPRegen  0.06/turn              (no ring)
MPRegen  0.07/turn              (no ring)

@: lethally poisoned (-2 -> -9)
A: no striking features
a: no special abilities


You were on level 5 of the Dungeon.
You visited 1 branch of the dungeon, and saw 1 of its levels.

You collected 14 gold pieces.

Inventory:

Hand Weapons
 a - a +0 mace (weapon)
Armour
 b - a +0 leather armour (worn)
Wands
 g - a wand of digging (3) {@v1}
Scrolls
 c - a scroll of fog
 e - a scroll of fear
 M - a scroll of magic mapping
Potions
 f - a potion of haste {@q3,}
 N - a potion of curing {unknown}


   Skills:
 - Level 3.0 Fighting
 + Level 1.9 Maces & Flails
 - Level 1.7 Dodging
 - Level 4.5 Stealth


You couldn't memorise any spells.
You didn't know any spells.
Your spell library was empty.

Dungeon Overview and Level Annotations

Branches:
Dungeon (5/15)
 Temple: D:4-7

Altars:


Message History

You become an imperial myrmidon!
Welcome, Goblin1989 the Demonspawn Delver.
The bosom of this dungeon contains the transcendent artefact, the Orb of Zot.
Press ? for a list of commands and other information.
Found 14 gold pieces.
Found a stone staircase leading down.
Found a quarterstaff.
Found 4 gold pieces.
You now have 14 gold pieces.
An adder comes into view.
There is a stone staircase leading down here.
Found a white potion.
N - a white potion A ball python comes into view.
The ball python hisses angrily.
The ball python misses you. The ball python closely misses you.
The ball python misses you. The ball python grabs you.
The ball python constricts you.
You take 1 damage, and have 17/18 hp.
You barely miss the ball python. The ball python barely misses you.
The ball python constricts you.
You take 1 damage, and have 16/18 hp.
You hit the ball python but do no damage.
The ball python barely misses you. The ball python constricts you.
The ball python bites you. The ball python constricts you.
You take 2 damage, and have 14/18 hp.
You hit the ball python.
The ball python is severely wounded.
The ball python bites you. The ball python constricts you.
You hit the ball python but do no damage.
The ball python is severely wounded.
The ball python bites you but does no damage.
The ball python constricts you. The ball python barely misses you.
The ball python constricts you.
You take 1 damage, and have 13/18 hp.
You hit the ball python.
You kill the ball python!
Unknown command.
Unknown command.
You start resting.
You regained 4 hp, and now have 17/18 hp.
Health restored: 18 A worker ant comes into view.
Found a ring mail.
The worker ant bites you but does no damage.
You barely miss the worker ant. The worker ant closely misses you.
You barely miss the worker ant. The worker ant bites you.
The worker ant barely misses you.
You take 2 damage, and have 16/18 hp.
You hit the worker ant.
The worker ant is moderately wounded.
The worker ant bites you! The worker ant closely misses you.
You take 7 damage, and have 9/18 hp.
MASSIVE DAMAGE!!
You barely miss the worker ant.
The worker ant is moderately wounded.
The worker ant bites you!
* * * LOW HITPOINT WARNING * * *
You are lethally poisoned!
The worker ant poisons you!
You take 7 damage, and have 2/18 hp.
MASSIVE DAMAGE!!
You hit the worker ant.
The worker ant is heavily wounded.
* * * LOW HITPOINT WARNING * * *
You feel sick. The worker ant barely misses you. The worker ant bites you.
You die...

█......██████
█████.......█
█..████.█ █..█
█.█ ███ █ █...
█.█ ██.. ██.█
██.█. █.█ █..
[█.█ █.█.██.█
█.███...█
█......███..█..█
███.....@B....█


█████████████ You could see a worker ant.

Vanquished Creatures
  A ball python (D:5)
1 creature vanquished.

Notes
Turn   | Place    | Note
-------+----------+-------------------------------------------
     0 | D:5      | Goblin1989 the Demonspawn Delver began the quest for the
                  | Orb.
     0 | D:5      | Reached XP level 1. HP: 18/18 MP: 1/1
   129 | D:5      | Noticed a worker ant
   141 | D:5      | Slain by a worker ant

Illustrated notes

Levels and vault maps discovered:
D:5:      layout_loops_cross, guppyfry_early_lair_pool

Action                   || total
-------------------------++-------
Melee: Mace              ||    10
Armor: Leather armour    ||     2
Dodge: Dodged            ||    10
